cohdb
Replays
Latest Replays
All Replays
Popular Replays
Top Player Replays
Match Explorer
How It Works
Community
CoH3 Stats
Reddit
Sign in to upload your games and track your stats! →
Sign in with Steam
Match 45936927
Unlisted
Match 45936927
Overview
Messages
Build Orders
End
Selects Advanced Infantry Battlegroup
Engineer Squad
Construct Barracks
Riflemen Squad
Riflemen Squad
Riflemen Squad
Selects Convert to Ranger Squad
Convert to Ranger Squad
Infantry Support Center
M1 Mortar Team
Selects Frontline Medical Station
Convert to Ranger Squad
Selects Artillery Observers
Construct Tank Depot
Advanced Logistics
Frontline Medical Station
Selects Infantry Assault
Infantry Assault
M4A1 Sherman Medium Tank
Convert to Ranger Squad
Infantry Assault
M4A1 Sherman Medium Tank
Selects M2A1 105mm Howitzer Emplacement
Engineer Squad
M18 Hellcat Tank Destroyer
Infantry Assault
Selects Free Fire Drills
Infantry Assault
M4A1 Sherman Medium Tank
Survival Training
Infantry Assault
M18 Hellcat Tank Destroyer
Infantry Assault
GreyWolf
Bork of Boletaria
Thank You Chef
Kray-Tos
18 G.A 129 division
SoccerHead
KeatonTheCodGod
穿越时间之影
0
0
Comments
sign in to comment!
No comments posted yet!